 Dungeon Crawl Stone Soup version 0.21.1-1-g345015f (webtiles) character file.

2622 diana the Grappler (level 9, -2/89 HPs)
             Began as a Troll Monk on May 25, 2018.
             Slain by a yak (5 damage)
             ... on level 9 of the Dungeon.
             The game lasted 00:22:14 (5162 turns).

diana the Grappler (Troll Monk)                     Turns: 5162, Time: 00:22:15

Health: -2/89      AC:  5    Str: 21    XL:     9   Next: 34%
Magic:  8/8        EV: 13    Int:  6    God:
Gold:   351        SH:  0    Dex: 15    Spells: 8/8 levels left

rFire    . . .     SeeInvis .     - Unarmed
rCold    . . .     Gourm    +   (no shield)
rNeg     . . .     Faith    +   a - +0 robe
rPois    .         Spirit   .   (helmet restricted)
rElec    .         Reflect  .   (no cloak)
rCorr    .         Harm     .   (gloves unavailable)
MR       .....                  (boots unavailable)
Stlth    ++........             i - amulet of faith
HPRegen  0.64/turn              l - ring of wizardry
MPRegen  0.11/turn              G - ring of flight

@: no status effects
A: large, unfitting armour, claws 3, fast metabolism 3, gourmand, regeneration
1, shaggy fur 1, tough skin 2
a: Evoke Flight


You were on level 9 of the Dungeon.
You were completely stuffed.

You visited 2 branches of the dungeon, and saw 10 of its levels.

You collected 351 gold pieces.

Inventory:

Armour
 a - a +0 robe (worn)
 d - a +0 buckler
 t - a +0 buckler
Jewellery
 i - an amulet of faith (around neck)
 l - a ring of wizardry (left claw)
 n - an uncursed ring of resist corrosion
 x - an uncursed ring of wizardry
 G - a ring of flight (right claw)
Wands
 v - a wand of polymorph (8)
 D - a wand of iceblast (7)
 E - a wand of flame (25)
 F - a wand of paralysis (17)
Scrolls
 c - 3 scrolls of remove curse {unknown}
 f - 10 scrolls of identify {unknown}
 j - 2 scrolls of blinking {unknown}
 m - a scroll of random uselessness {unknown}
 o - 3 scrolls of teleportation {unknown}
 p - 2 scrolls of amnesia {unknown}
 r - a scroll of fog {unknown}
 s - 3 scrolls of immolation {unknown}
 w - a scroll of enchant weapon {unknown}
 y - a scroll of fear {unknown}
 B - a scroll of magic mapping {unknown}
 C - 2 scrolls of enchant armour {unknown}
 H - a scroll of noise {unknown}
Potions
 e - a potion of invisibility {unknown}
 g - 2 potions of curing
 h - 2 potions of brilliance {unknown}
 k - 2 potions of haste {unknown}
 q - a potion of lignification {unknown}
 u - 2 potions of cancellation {unknown}
 z - 2 potions of heal wounds {unknown}
 A - a potion of ambrosia {unknown}
Comestibles
 b - 16 rations


   Skills:
 + Level 5.8 Fighting
 + Level 5.8 Dodging
 - Level 1.1 Stealth
 * Level 9.6 Unarmed Combat


You had 8 spell levels left.
You didn't know any spells.

Dungeon Overview and Level Annotations

Branches:
Dungeon (9/15)             Temple (1/1) D:6
   Lair: D:8-11         Orc: D:9-12

Altars:
Ashenzari
Dithmenos
Elyvilon
Fedhas
Hepliaklqana
Kikubaaqudgha
Makhleb
Nemelex Xobeh
Okawaru
Qazlal
Sif Muna
Trog
Uskayaw
Vehumet
Wu Jian
Xom
Yredelemnul

Annotations:
D:4 olivier's ghost, novice GrFi


Innate Abilities, Weirdness & Mutations

You are too large for most types of armour.
You have claws for hands.
Your metabolism is lightning-fast.
You like to eat raw meat.
Your natural rate of healing is unusually fast.
You are covered in fur. (AC +1)
You have very tough skin. (AC +2)


Message History

Found 5 rations.
A hog comes into view.
You feel better. The yak closely misses you.
You claw the yak!
The yak is moderately wounded.
The yak misses you. The yak gores you.
* * * LOW HITPOINT WARNING * * *
You mangle the yak!!
The yak is almost dead.
The yak closely misses you.
You mangle the yak!!
You kill the yak!
The hog closely misses you. The yak gores you!
* * * LOW HITPOINT WARNING * * *
The hog bites you.
* * * LOW HITPOINT WARNING * * *
There is an open door here.
The yak gores you.
You die...

#..#### ###.# #.##....
#...# #.##.... ##.###
##.####h##### ###.Y#
#..##%....#.## #.Y.##
##'###%%..p'..# ##Y#######
#....#######..# #........#
#..........#.h## #........+
#.........@Yh..###........#
#..........###(.))).......#
############ #####........#
##########


You could see a yak and 2 hogs.

Vanquished Creatures
  4 yaks (D:9)
  A hungry ghost (D:7)
  2 black bears
  An ice beast (D:7)
  An ogre (D:6)
  A phantom (D:7)
  2 centaurs
  A bullfrog (D:8)
  4 howler monkeys
  A bullfrog zombie (D:7)
  2 crimson imps
  A hound (D:6)
  2 jellies
  2 bullfrog skeletons
  A centaur skeleton (D:6)
  9 orc priests
  A gnoll shaman (D:5)
  An iguana (D:8)
  6 orc wizards
  3 worker ants
  A hound zombie (D:5)
  A hound skeleton (D:4)
  2 worker ant zombies
  8 gnolls
  An adder (D:5)
  3 oozes
  3 worms
  A dart slug (D:2)
  5 leopard geckos
  26 orcs
  2 ball pythons
  5 giant cockroaches
  7 goblins
  7 hobgoblins
  9 jackals
  5 bats
  2 frilled lizards
  7 kobolds
  A leopard gecko skeleton (D:7)
  A leopard gecko zombie (D:7)
  5 rats
148 creatures vanquished.

Vanquished Creatures (others)
  An orc wizard (D:9)
1 creature vanquished.

Grand Total: 149 creatures vanquished

Notes
Turn   | Place    | Note
-------+----------+-------------------------------------------
     0 | D:1      | diana the Troll Monk began the quest for the Orb.
     0 | D:1      | Reached XP level 1. HP: 22/22 MP: 0/0
   397 | D:1      | Reached XP level 2. HP: 28/29 MP: 1/1
   918 | D:2      | Reached XP level 3. HP: 36/36 MP: 2/2
  1446 | D:3      | Reached skill level 4 in Unarmed Combat
  1446 | D:3      | Reached XP level 4. HP: 44/44 MP: 3/3
  2302 | D:4      | Reached XP level 5. HP: 52/53 MP: 4/4
  2330 | D:4      | Reached skill level 5 in Unarmed Combat
  2463 | D:4      | Reached XP level 6. HP: 50/61 MP: 5/5
  2614 | D:4      | Noticed olivier's ghost (novice GrFi)
  2630 | D:5      | Entered Level 5 of the Dungeon
  2866 | D:5      | Found an ancient bone altar of Kikubaaqudgha.
  3041 | D:5      | Reached skill level 6 in Unarmed Combat
  3210 | D:5      | Found a bloodstained altar of Trog.
  3245 | D:5      | You fall through a shaft for 2 floors!
  3245 | D:7      | Found a sand-covered staircase.
  3318 | D:6      | Reached XP level 7. HP: 56/68 MP: 6/6
  3580 | D:6      | Found a staircase to the Ecumenical Temple.
  3990 | Temple   | Entered the Ecumenical Temple
  4240 | D:7      | Reached skill level 7 in Unarmed Combat
  4302 | D:7      | Reached XP level 8. HP: 67/79 MP: 7/7
  4479 | D:7      | Reached skill level 8 in Unarmed Combat
  4509 | D:7      | Reached skill level 5 in Fighting
  4511 | D:7      | Found a hide-covered altar of Uskayaw.
  4759 | D:8      | Reached skill level 5 in Dodging
  5034 | D:9      | Reached XP level 9. HP: 73/88 MP: 8/8
  5042 | D:9      | Reached skill level 9 in Unarmed Combat
  5149 | D:9      | HP: 4/88 [yak (13)]
  5161 | D:9      | HP: 2/89 [hog (4)]
  5162 | D:9      | Slain by a yak

Skill      XL: |  1  2  3  4  5  6  7  8  9 |
---------------+----------------------------+-----
Unarmed Combat | 4 5 6 7 8 9 |  9.6
Fighting       | 3 4 5 |  5.8
Dodging        | 3 4 5 |  5.8
Stealth        | |  1.1

Action                   |  1- 3 |  4- 6 |  7- 9 || total
-------------------------+-------+-------+-------++-------
Melee: Unarmed           |    80 |   145 |   208 ||   433
       Punch             |     1 |     1 |     7 ||     9
  Use: Potion            |       |       |     3 ||     3
 Stab: Sleeping          |     1 |     3 |     1 ||     5
       Distracted        |       |     1 |       ||     1
  Eat: Chunk             |     9 |    26 |    21 ||    56
       Ration            |       |       |     2 ||     2
Armor: Robe              |    32 |    30 |    40 ||   102
Dodge: Dodged            |    26 |    57 |   104 ||   187
